 Dungeon Crawl Stone Soup version 0.24.1 (webtiles) character file.

Game seed: 8020180624052748982, levelgen mode: deterministic

134670 mortelune the Destroyer (level 16, -6/99 HPs)
             Began as a Deep Elf Fire Elementalist on Mar 27, 2020.
             Was the Champion of Kikubaaqudgha.
             Mangled by a large slime creature (19 damage)
             ... on level 4 of the Swamp on Mar 28, 2020.
             The game lasted 02:29:47 (53030 turns).

mortelune the Destroyer (DEFE)                     Turns: 53030, Time: 02:29:47

Health: -6/99      AC: 19    Str:  8    XL:     16   Next: 62%
Magic:  11/34      EV: 18    Int: 33    God:    Kikubaaqudgha [******]
Gold:   427        SH:  9    Dex: 12    Spells: 7/40 levels left

rFire    . . .     SeeInvis .   C - staff of wizardry
rCold    + + +     Gourm    .   E - +1 buckler {AC+3}
rNeg     . . .     Faith    .   W - +6 leather armour of the Wasteland {rPois rC+++ Int+3 Dex-3}
rPois    +         Spirit   .   J - +1 helmet
rElec    .         Reflect  +   S - scarf {repulsion}
rCorr    .         Harm     .   Z - +1 pair of gloves
MR       ++...                  O - +1 pair of boots {Stlth+}
Stlth    +++.......             v - +3 amulet of reflection
HPRegen  0.26/turn              Q - ring of protection from magic
MPRegen  0.24/turn              x - +5 ring of intelligence

@: about to teleport, repel missiles
A: no striking features
a: Receive Corpses, Torment, Renounce Religion


You were on level 4 of the Swamp.
You worshipped Kikubaaqudgha.
Kikubaaqudgha was exalted by your worship.
You were near starving.

You visited 4 branches of the dungeon, and saw 27 of its levels.

You collected 2641 gold pieces.
You spent 2214 gold pieces at shops.

Inventory:

Hand Weapons
 F - a +4 short sword of freezing
 T - the cursed +1 falchion of the Sugar Beet {slice, rPois rN++}
   (You bought it in a shop on level 1 of the Orcish Mines)

   It inflicts extra damage upon your enemies.
   It protects you from poison.
   It greatly protects you from negative energy.
   It has a curse placed upon it.
 U - the cursed +0 dagger of Might {pierce, Int+5 SInv}
   (You bought it in a shop on level 1 of the Orcish Mines)

   It inflicts extra damage upon your enemies.
   It affects your intelligence (+5).
   It lets you see invisible.
   It has a curse placed upon it.
Missiles
 r - 20 curare-tipped darts (quivered)
Armour
 a - the +2 leather armour "Feap" {rF+ rC- Int+3 Slay+2}
   (You found it on level 1 of the Swamp)

   It affects your intelligence (+3).
   It affects your accuracy and damage with ranged weapons and melee attacks
   (+2).
   It protects you from fire.
   It makes you vulnerable to cold.
 E - a +1 buckler of protection (worn)
 J - a +1 helmet (worn)
 O - a +1 pair of boots of stealth (worn)
 S - a scarf of repulsion (worn)
 W - the +6 leather armour of the Wasteland (worn) {rPois rC+++ Int+3 Dex-3}
   (You found it on level 1 of the Swamp)

   It affects your intelligence (+3).
   It affects your dexterity (-3).
   It renders you almost immune to cold.
   It protects you from poison.
 Z - a +1 pair of gloves (worn)
Magical Staves
 C - an uncursed staff of wizardry (weapon)
Jewellery
 f - an uncursed ring of flight
 v - a +3 amulet of reflection (around neck)
 x - a +5 ring of intelligence (right hand)
 H - an uncursed ring of protection from cold
 Q - a ring of protection from magic (left hand)
 V - an uncursed amulet of magic regeneration
Wands
 s - a wand of enslavement (17)
 y - a wand of polymorph (15)
 K - a wand of scattershot (6)
 N - a wand of iceblast (7)
 X - a wand of acid (4)
Scrolls
 b - 2 scrolls of teleportation
 e - 7 scrolls of immolation
 n - 6 scrolls of amnesia
 o - a scroll of fear
 q - 7 scrolls of remove curse
 z - 3 scrolls of enchant weapon
 A - 8 scrolls of magic mapping
 D - a scroll of summoning
 I - 3 scrolls of identify
 L - 2 scrolls of fog
 M - a scroll of enchant armour
 R - a scroll of vulnerability
 Y - a scroll of torment
Potions
 h - 4 potions of flight
 i - 4 potions of brilliance
 j - 4 potions of lignification
 k - 5 potions of curing
 l - 4 potions of might
 m - 2 potions of magic
 p - 5 potions of haste
 t - 2 potions of heal wounds
 u - 2 potions of agility
 w - 2 potions of berserk rage
 B - a potion of cancellation
 P - 2 potions of invisibility
Miscellaneous
 d - a phantom mirror
 G - a lamp of fire
Comestibles
 c - 26 rations


   Skills:
 + Level 10.9 Fighting
 + Level 4.5 Armour
 - Level 12.4 Dodging
 - Level 2.4 Stealth
 - Level 4.0 Shields
 + Level 12.9 Spellcasting
 + Level 14.2 Conjurations
 + Level 8.8 Necromancy
 - Level 14.0 Fire Magic
 * Level 10.0 Air Magic


You had 7 spell levels left.
You knew the following spells:

 Your Spells              Type           Power        Failure   Level  Hunger
a - Flame Tongue          Conj/Fire      #####        0%          1    None
b - Throw Flame           Conj/Fire      ######       0%          2    None
c - Conjure Flame         Conj/Fire      #######.     1%          3    None
d - Sticky Flame          Conj/Fire      #######.     1%          4    None
e - Fireball              Conj/Fire      #######...   1%          5    None
f - Regeneration          Chrm/Necr      ######....   1%          3    None
g - Animate Dead          Necr           N/A          1%          4    None
h - Agony                 Necr           ######..     1%          5    None
s - Summon Lightning Spi  Summ/Air       ######..     1%          4    None
z - Sublimation of Blood  Necr           ######....   1%          2    None

Your spell library contained the following spells:

 Spells                   Type           Power        Failure   Level  Hunger
 Animate Skeleton         Necr           N/A          1%          1    None
 Confusing Touch          Hex            ###...       1%          1    None
 Freeze                   Ice            ###.         1%          1    None
 Pain                     Necr           ####         1%          1    None
 Throw Frost              Conj/Ice       ######       1%          2    None
 Inner Flame              Hex/Fire       ######..     1%          3    None
 Throw Icicle             Conj/Ice       ######..     1%          4    None
 Dispel Undead            Necr           ######..     1%          5    None
 Irradiate                Conj/Tmut      ######....   1%          5    None
 Conjure Ball Lightning   Conj/Air       #######...   1%          6    ####...
 Confuse                  Hex            ###.....     3%          3    None
 Gell's Gravitas          Tloc           ###.......   3%          3    None
 Ozocubu's Armour         Chrm/Ice       ###.....     3%          3    None
 Silence                  Hex/Air        ######....   4%          5    None
 Death Channel            Necr           ######....   4%          6    ####...
 Excruciating Wounds      Chrm/Necr      ######....   5%          5    None
 Cause Fear               Hex            ###.......   12%         4    None
 Petrify                  Tmut/Erth      ###.....     12%         4    None
 Summon Ice Beast         Ice/Summ       ###.....     12%         4    None
 Deflect Missiles         Chrm/Air       ######....   22%         6    ####...
 Metabolic Englaciation   Hex/Ice        ###.......   32%         5    None
 Yara's Violent Unravell  Hex/Tmut       ###.......   32%         5    None
 Haunt                    Necr/Summ      ######....   82%         7    #####..
 Hydra Form               Tmut           ###.......   85%         6    ####...
 Statue Form              Tmut/Erth      ###......    85%         6    ####...
 Dragon Form              Tmut           ###.......   100%        7    #####..
 Borgnjor's Revivificati  Necr           ######....   87%         8    #######
 Infestation              Necr           ######....   87%         8    #######
 Death's Door             Chrm/Necr      ######....   100%        8    #######
 Discord                  Hex            ###.......   100%        8    #######
 Necromutation            Tmut/Necr      ######....   100%        8    #######
 Tornado                  Air            ######....   100%        9    #######


Dungeon Overview and Level Annotations

Branches:
Dungeon (15/15)            Temple (0/1) D:4            Lair (6/6) D:11
  Swamp (4/4) Lair:2        Snake (0/4) Lair:4        Slime (0/5) Lair:6
    Orc (2/2) D:12            Elf (0/3) Orc:2        Vaults (0/5) D:14
 Depths: D:15

Altars:
Dithmenos
Elyvilon
Fedhas
Gozag
Kikubaaqudgha
Okawaru
Ru
Trog
Uskayaw
Wu Jian
Xom
Yredelemnul
The Shining One
Jiyva

Shops:
D:4 *   D:6 *   D:13 *   Orc:1 (=%(   Orc:2 %%*[

Annotations:
D:4 2 transporters
D:5 Dowan
D:15 Roxanne


Message History

A large slime creature splits.
Your lightning spire shoots out a bolt of lightning at the seven-headed hydra!
The bolt of electricity hits the seven-headed hydra!
A shadow comes into view.
Two slime creatures merge to form a large slime creature.
As you read the scroll of teleportation, it crumbles to dust.
You feel strangely unstable. The seven-headed hydra bites you!
* * * LOW HITPOINT WARNING * * *
The seven-headed hydra bites you!
* * * LOW HITPOINT WARNING * * *
The seven-headed hydra bites you.
* * * LOW HITPOINT WARNING * * *
The seven-headed hydra barely misses you.
You block the seven-headed hydra's attack.
The seven-headed hydra bites you but does no damage.
The seven-headed hydra bites you.
* * * LOW HITPOINT WARNING * * *
The large slime creature hits you!!
You die...
Kikubaaqudgha rasps: "You have failed me!
Welcome... death!"

#≈#≈≈≈≈.#.#§#♣♣♣ ♣..♣....≈≈♣
.≈≈#≈≈.#.#≈#♣..♣ ♣≈..≈≈≈≈.♣♣ ♣♣♣
#≈#.≈≈≈.#≈#§♣.≈♣♣♣♣.≈≈≈≈..♣♣♣♣≈≈♣
.≈≈#.D≈#≈#W#§..§≈♣.≈≈≈≈≈.♣≈≈≈.≈≈≈
#≈.J≈.≈≈#≈♣≈.≈8.≈.≈≈≈≈≈≈♣♣♣.≈≈≈≈≈
#########♣≈≈.....♣♣♣♣...♣ ♣≈≈≈≈♣♣
♣≈≈≈.≈≈..........≈≈≈≈♣♣♣♣ ♣♣♣≈≈♣
♣♣..≈≈.≈≈≈≈≈.≈≈JD.≈≈♣♣ ♣♣♣♣
♣♣♣♣♣♣.≈≈≈≈..≈≈@.♣♣♣ ♣♣♣
♣.....≈..≈≈.≈≈.≈♣♣♣♣§♣♣♣♣♣♣♣
♣≈...♣♣♣...≈≈≈..≈♣≈≈≈..♣≈≈≈♣♣
♣..≈≈≈♣♣≈..≈≈≈.≈≈..≈≈≈.≈§≈.♣≈
♣♣.§≈≈≈.♣.≈≈≈≈≈≈......§≈≈.....
♣...≈≈≈§..≈≈≈≈≈≈....♣♣≈≈...[..
♣♣.≈≈≈≈≈≈...≈≈≈≈..≈≈≈♣≈<..≈♣≈≈
♣...≈≈≈≈§.≈..≈≈≈..≈..♣♣≈♣♣♣♣≈≈
♣≈....≈≈.♣♣♣.......≈§♣♣♣♣♣≈..≈


You could see a seven-headed hydra, a large slime creature, a shadow and a
friendly lightning spire.

Vanquished Creatures
  A tentacled monstrosity (Swamp:4)
  Harold (D:6)
  2 ice dragons
  An ogre mage (D:14)
  9 hydras
  A shambling mangrove (Swamp:2)
  3 centaur warriors
  4 death yaks
  3 two-headed ogres
  7 alligators
  3 orc high priests (Orc:2)
  22 spriggans
  2 unseen horrors
  A skeletal warrior (D:14)
  3 swamp dragons
  4 orc knights (Orc:2)
  A deep elf mage (D:12)
  4 orc sorcerers
  A cyclops (D:15)
  A manticore (D:11)
  7 black mambas
  6 elephants
  2 gargoyles (D:15)
  A torpor snail (Lair:2)
  An ice statue (Lair:2)
  8 spiny frogs
  6 centaur skeletons
  2 kobold demonologists (Swamp:1)
  6 komodo dragons
  2 rime drakes
  A tengu conjurer (D:13)
  6 polar bears
  7 trolls
  A merfolk (D:9)
  8 tyrant leeches
  19 hornets
  10 blink frogs
  10 hippogriffs
  4 bog bodies
  11 slime creatures
  3 shadows
  2 wyverns
  A vampire (D:14)
  30 yaks
  A large abomination (Swamp:4)
  A golden eye (shapeshifter) (D:15)
  A basilisk (Lair:6)
  16 vampire mosquitoes
  3 hungry ghosts
  4 wargs
  Menkaure (D:7)
  2 nagas (Lair:4)
  7 water moccasins
  2 acid dragons
  18 swamp worms
  6 porcupines
  7 swamp drakes
  34 orc warriors
  Duvessa (D:5)
  2 sky beasts
  4 ice beasts
  A hornet zombie (D:15)
  9 black bears
  4 boggarts
  4 necrophages
  A phantom (D:12)
  16 ogres
  24 wolves
  10 centaurs
  4 crocodiles
  9 big kobolds
  Blork the orc (D:5)
  16 bullfrogs
  2 gnoll sergeants
  A wyvern skeleton (D:14)
  4 scorpions
  16 killer bees
  5 wights (D:6)
  3 howler monkeys (D:11)
  4 centaur zombies
  5 crimson imps
  6 hounds
  A quasit (D:5)
  2 jellies
  37 orc priests
  2 bullfrog skeletons
  Jessica (D:2)
  8 iguanas
  Ijyb (D:3)
  24 orc wizards
  Natasha (twice) (D:2)
  16 worker ants
  A killer bee zombie (D:6)
  3 hound skeletons
  14 gnolls
  A howler monkey skeleton (D:5)
  18 adders
  5 shadow imps
  2 white imps (Lair:2)
  2 oozes
  3 worms
  A dart slug (D:3)
  5 leopard geckos
  81 orcs
  2 ball pythons
  4 giant cockroaches
  7 goblins
  7 hobgoblins
  6 jackals
  3 quokkas
  7 bats
  9 frilled lizards
  10 kobolds
  A leopard gecko skeleton (D:5)
  A quokka skeleton (D:10)
  A rat (D:3)
  2 fungi
773 creatures vanquished.

Vanquished Creatures (collateral kills)
  A thorn hunter (Swamp:3)
  4 hydras
  5 alligators
  2 shambling mangroves
  A two-headed ogre (D:13)
  3 death yaks (Lair:5)
  2 orc high priests (Orc:2)
  3 spriggan druids
  A swamp dragon (Swamp:1)
  3 orc knights (Orc:2)
  3 ugly things
  A cyclops (D:11)
  A black mamba (Lair:6)
  An orange demon (Swamp:4)
  A yaktaur (D:15)
  7 spiny frogs
  2 komodo dragons
  A tengu conjurer (D:13)
  2 trolls
  A polar bear (Lair:5)
  5 slime creatures (Swamp:3)
  A tyrant leech (Swamp:1)
  4 hornets
  2 blink frogs (Swamp:2)
  7 dream sheep (Lair:6)
  4 bog bodies
  A hippogriff (Lair:6)
  2 shadows
  2 spriggans (Swamp:1)
  5 yaks
  9 vampire mosquitoes
  6 swamp worms
  A naga (Lair:4)
  A water moccasin (Lair:6)
  An ice beast (Lair:2)
  2 swamp drakes
  8 orc warriors
  A black bear (Lair:6)
  An eye of draining (D:13)
  8 wolves
  An ogre (D:14)
  2 big kobolds
  2 bullfrogs
  A wyvern skeleton (D:14)
  A killer bee (D:10)
  A wight (D:15)
  A crimson imp (D:12)
  4 orc priests
  9 orcs
  A fungus (Lair:6)
139 creatures vanquished.

Vanquished Creatures (others)
  An orc (Orc:2)
  A quokka (D:6)
  A briar patch (Swamp:3)
  12 fungi
  6 plants
21 creatures vanquished.

Grand Total: 933 creatures vanquished

Notes
Turn   | Place    | Note
-------+----------+-------------------------------------------
     0 | D:1      | mortelune the Deep Elf Fire Elementalist began the quest
                  | for the Orb.
     0 | D:1      | Reached XP level 1. HP: 10/10 MP: 6/6
   446 | D:1      | Reached XP level 2. HP: 15/15 MP: 5/8
   499 | D:1      | Learned a level 2 spell: Throw Flame
  1064 | D:2      | Noticed Jessica
  1069 | D:2      | Killed Jessica
  1069 | D:2      | Reached XP level 3. HP: 13/19 MP: 5/10
  1251 | D:2      | Reached XP level 4. HP: 8/24 MP: 0/11
  1401 | D:2      | Learned a level 3 spell: Conjure Flame
  1406 | D:2      | Learned a level 4 spell: Sticky Flame
  1519 | D:2      | Found an ancient bone altar of Kikubaaqudgha.
  1536 | D:2      | Became a worshipper of Kikubaaqudgha
  1708 | D:2      | Noticed Natasha
  2106 | D:3      | Noticed Ijyb
  2111 | D:3      | Killed Ijyb
  2111 | D:3      | Reached XP level 5. HP: 28/28 MP: 4/13
  2876 | D:3      | Found an ornate altar of the Wu Jian Council.
  3690 | D:2      | Killed Natasha
  3690 | D:2      | Reached skill level 5 in Fire Magic
  3691 | D:2      | Noticed Natasha
  3696 | D:2      | Killed Natasha
  3696 | D:2      | Reached * piety under Kikubaaqudgha
  3696 | D:2      | Identified Kikubaaqudgha's Catalogue of Evil Secrets
                  | (Kikubaaqudgha gifted it to you on level 2 of the Dungeon)
  3696 | D:2      | Received a gift from Kikubaaqudgha
  3696 | D:2      | Reached XP level 6. HP: 32/32 MP: 1/14
  4009 | D:2      | Found a glowing golden altar of the Shining One.
  4166 | D:4      | Found a transporter.
  4189 | D:4      | Found a staircase to the Ecumenical Temple.
  4661 | D:4      | Found Goav's General Store.
  4669 | D:4      | Bought a wand of polymorph (6) for 112 gold pieces
  4669 | D:4      | Bought a potion of curing for 42 gold pieces
  4669 | D:4      | Bought a scroll of remove curse for 42 gold pieces
  4745 | D:4      | Reached XP level 7. HP: 36/36 MP: 7/16
  5019 | D:4      | Reached skill level 5 in Spellcasting
  5166 | D:4      | Found a transporter.
  5239 | D:5      | Entered Level 5 of the Dungeon
  5267 | D:5      | Reached skill level 5 in Conjurations
  5401 | D:5      | Reached skill level 1 in Necromancy
  5697 | D:6      | Found a white marble altar of Elyvilon.
  5730 | D:6      | Found a sacrificial altar of Ru.
  5943 | D:6      | Learned a level 2 spell: Sublimation of Blood
  6248 | D:5      | Reached XP level 8. HP: 41/41 MP: 11/18
  6316 | D:5      | Learned a level 5 spell: Fireball
  6327 | D:5      | Reached skill level 5 in Dodging
  6413 | D:5      | Noticed Duvessa
  6434 | D:5      | Killed Duvessa
  6448 | D:5      | Noticed Dowan
  6759 | D:5      | Found a bloodstained altar of Trog.
  6923 | D:5      | Noticed Blork the orc
  6928 | D:5      | Killed Blork the orc
  7788 | D:6      | Reached ** piety under Kikubaaqudgha
  8572 | D:5      | Reached XP level 9. HP: 41/45 MP: 11/21
  8651 | D:5      | Learned a level 3 spell: Regeneration
  8821 | D:6      | Found Bibaiguf's General Store.
  9226 | D:6      | Reached skill level 1 in Fighting
  9486 | D:7      | Noticed Harold
  9552 | D:7      | Learned a level 1 spell: Animate Skeleton
 10588 | D:6      | Killed Harold
 10588 | D:6      | Reached skill level 5 in Necromancy
 10588 | D:6      | Reached XP level 10. HP: 19/54 MP: 2/22
 10729 | D:7      | Reached *** piety under Kikubaaqudgha
 10729 | D:7      | Identified Kikubaaqudgha's Disquisition on Stolen Souls
                  | (Kikubaaqudgha gifted it to you on level 7 of the Dungeon)
 10729 | D:7      | Received a gift from Kikubaaqudgha
 11268 | D:7      | Noticed Menkaure
 11270 | D:7      | Killed Menkaure
 12138 | D:8      | Found an opulent altar of Gozag.
 12690 | D:8      | Noticed a two-headed ogre
 12695 | D:8      | Killed a two-headed ogre
 13045 | D:9      | Found an iron altar of Okawaru.
 13191 | D:9      | Found a shadowy altar of Dithmenos.
 13246 | D:9      | Reached skill level 10 in Fire Magic
 13668 | D:9      | Reached **** piety under Kikubaaqudgha
 13783 | D:9      | Reached skill level 10 in Conjurations
 14284 | D:9      | Found a basalt altar of Yredelemnul.
 14284 | D:9      | Found a blossoming altar of Fedhas.
 14495 | D:9      | Found a hide-covered altar of Uskayaw.
 14581 | D:9      | Found a shadowy altar of Dithmenos.
 14581 | D:9      | Found a shimmering altar of Xom.
 14583 | D:9      | Found a hide-covered altar of Uskayaw.
 14583 | D:9      | Found an ornate altar of the Wu Jian Council.
 14583 | D:9      | Found a shimmering altar of Xom.
 14803 | D:10     | Entered Level 10 of the Dungeon
 14819 | D:10     | Reached skill level 10 in Spellcasting
 14819 | D:10     | Reached XP level 11. HP: 64/64 MP: 22/27
 14825 | D:10     | Learned a level 4 spell: Animate Dead
 15414 | D:10     | Reached XP level 12. HP: 71/71 MP: 16/28
 17823 | D:11     | Reached ***** piety under Kikubaaqudgha
 18266 | D:11     | Found a staircase to the Lair.
 18791 | Lair:1   | Entered Level 1 of the Lair of Beasts
 19588 | Lair:2   | Found a staircase to the Swamp.
 19589 | Lair:2   | Noticed a seven-headed hydra
 19589 | Lair:2   | Noticed a four-headed hydra
 20011 | Lair:2   | Killed a seven-headed hydra
 20109 | Lair:2   | Killed a four-headed hydra
 20194 | Lair:2   | Noticed a death yak
 20411 | Lair:2   | Reached skill level 10 in Dodging
 20411 | Lair:2   | Reached XP level 13. HP: 78/78 MP: 26/29
 22528 | Lair:2   | Learned a level 4 spell: Summon Lightning Spire
 22580 | Lair:3   | Reached XP level 14. HP: 84/84 MP: 17/30
 23255 | Lair:3   | Reached skill level 1 in Air Magic
 24611 | Lair:4   | Found a staircase to the Snake Pit.
 26697 | Lair:6   | Entered Level 6 of the Lair of Beasts
 26697 | Lair:6   | Found a staircase to the Slime Pits.
 27015 | Lair:5   | Identified a scroll of acquirement
 29477 | D:12     | Found a staircase to the Orcish Mines.
 30195 | Orc:1    | Entered Level 1 of the Orcish Mines
 30195 | Orc:1    | Found Zoykudix's Food Boutique.
 30195 | Orc:1    | Found Ciufizi's Jewellery Shoppe.
 30257 | Orc:1    | Bought an uncursed ring of protection from magic for 350
                  | gold pieces
 30553 | Orc:1    | Found Wocuafe's Weapon Shoppe.
 30823 | Orc:2    | Entered Level 2 of the Orcish Mines
 31298 | Orc:1    | Found Luheoge's Antique Weapon Shop.
 32993 | Orc:2    | Reached ****** piety under Kikubaaqudgha
 33380 | Orc:2    | Found a staircase to the Elven Halls.
 33433 | Orc:2    | Reached skill level 5 in Air Magic
 33557 | Orc:2    | Reached skill level 1 in Armour
 34680 | Orc:2    | Received a gift from Kikubaaqudgha
 34688 | Orc:2    | Learned a level 5 spell: Agony
 34924 | Orc:2    | Found Numpif's Food Emporium.
 34927 | Orc:2    | Found Piopif's Antique Armour Emporium.
 34928 | Orc:2    | Found Ziggikad's Food Emporium.
 34929 | Orc:2    | Found Ahaps's Assorted Antiques.
 35069 | Orc:1    | Bought a scorched falchion for 264 gold pieces
 35069 | Orc:1    | Bought an iridescent dagger for 231 gold pieces
 35069 | Orc:1    | Identified the cursed +1 falchion of the Sugar Beet {slice,
                  | rPois rN++} (You bought it in a shop on level 1 of the
                  | Orcish Mines)
 35070 | Orc:1    | Identified the cursed +0 dagger of Might {pierce, Int+5
                  | SInv} (You bought it in a shop on level 1 of the Orcish
                  | Mines)
 35156 | Orc:2    | Bought a brightly glowing ring mail for 378 gold pieces
 35156 | Orc:2    | Bought an embroidered scarf for 336 gold pieces
 35176 | Orc:2    | Identified the cursed +1 ring mail "Dobogyujett" {-Cast
                  | rPois rC+ MR+ Slay+3} (You bought it in a shop on level 2
                  | of the Orcish Mines)
 35469 | D:13     | Found Cutataot's Assorted Antiques.
 35746 | D:12     | Got an aquamarine-studded ring mail
 35761 | D:12     | Identified the +2 ring mail of Amorality {rPois Slay+2
                  | Stlth+} (You found it on level 12 of the Dungeon)
 36096 | D:13     | Bought a buckler for 144 gold pieces
 36449 | D:13     | Reached skill level 1 in Shields
 36457 | D:13     | Reached XP level 15. HP: 91/91 MP: 12/31
 38994 | D:14     | Found a gate to the Vaults.
 39158 | D:15     | Entered Level 15 of the Dungeon
 39741 | D:15     | Noticed Roxanne
 40850 | Orc:2    | Bought a runed buckler for 315 gold pieces
 41843 | Lair:6   | Found a viscous altar of Jiyva.
 41969 | Lair:6   | Got a warped robe
 41980 | Lair:6   | Identified the +2 robe "Tofextuo" {Int+5} (You found it on
                  | level 6 of the Lair of Beasts)
 42086 | Lair:6   | Reached skill level 10 in Fighting
 44657 | Swamp:1  | Entered Level 1 of the Swamp
 45527 | Swamp:1  | Got a steaming leather armour
 45538 | Swamp:1  | Identified the +6 leather armour of the Wasteland {rPois
                  | rC+++ Int+3 Dex-3} (You found it on level 1 of the Swamp)
 46138 | Swamp:1  | Got a steaming leather armour
 46189 | Swamp:1  | Identified the +2 leather armour "Feap" {rF+ rC- Int+3
                  | Slay+2} (You found it on level 1 of the Swamp)
 47300 | Swamp:1  | Reached XP level 16. HP: 98/98 MP: 23/34
 50108 | Swamp:3  | Noticed a thorn hunter
 50248 | Swamp:3  | Killed a thorn hunter
 51375 | Swamp:4  | Entered Level 4 of the Swamp
 51854 | Swamp:4  | Noticed a tentacled monstrosity
 52508 | Swamp:4  | Killed a tentacled monstrosity
 52664 | Swamp:4  | Reached skill level 10 in Air Magic
 53030 | Swamp:4  | Mangled by a large slime creature

Levels and vault maps discovered:
D:1:      dpeg_arrival_round_b, layout_rooms, minmay_pentomino_t2
D:2:      layout_loops_ring, kiku_gazebo_pond_becter,
          nicolae_tso_swordbearing_angel, uniq_natasha, uniq_jessica
D:3:      layout_loops_ring, lemuel_round_altar, first_ration, uniq_ijyb
D:4:      gammafunk_steamed_eel, layout_loops_ring,
          minmay_temple_entry_large_hall, serial_shops, shop_fountains
D:5:      black_bear_nest_1, layout_gridville, lightli_temple_of_fire,
          minmay_chambers_of_fives, uniq_duvessa, uniq_blork_the_orc
D:6:      layout_loops_ring, elyvilon_altar_4, lemuel_round_altar, serial_shops,
          shop, hangedman_decor_push, dk_rats_in_the_wall
D:7:      layout_cave_pools, uniq_menkaure, uniq_harold
D:8:      layout_basic, nicolae_gozag_cash_rules_everything_around_me
D:9:      layout_loops_corners, lemuel_doored_altar,
          gammafunk_temple_overflow_elements, okawaru_gym_becter,
          hangedman_fish_farm, nicolae_wwwww, chequers_garden,
          doesnt_xom_only_xom
D:10:     layout_gridville
D:11:     layout_loops_ring, erik_lair_orcish_takeover
D:12:     layout_long_grid, kennysheep_orc_monster_closet_entryway, minivault_24
D:13:     layout_roguey, serial_shops, shop, minmay_librarian
D:14:     layout_gridville, hangedman_vaults_entry_quadrant_bands, fountainhead
D:15:     grunt_enter_depths_hoard, layout_basic, hex_tiny, uniq_roxanne
Lair:1:   layout_roguey
Lair:2:   layout_cave_shapes, palyth_hydra_swamp_entry, ice2_lemuel,
          grunt_megastairs_5
Lair:3:   layout_regular_city, eino_small_chamber_without_monster,
          guppyfry_lair_drakes
Lair:4:   layout_misc_corridors, minmay_snake_entry_guardpost_small
Lair:5:   layout_small_grid
Lair:6:   minmay_lair_end_enchanted_forest, layout_cave_pods, slime_altar_1,
          serial_bayou_pond_e, grunt_megastairs_3, serial_bayou_shore_b
Swamp:1:  layout_basic_swamp, hangedman_swamp_ruin_hall, swamp_pool5,
          cheibrodos_swamp_kobolds
Swamp:2:  layout_falls_marsh, nicolae_swamp_trees_clearing, swamp_pool1
Swamp:3:  layout_falls_marsh, nicolae_swamp_orc_logging_accident, swamp_pool1
Swamp:4:  swamp_vile, layout_basic_swamp
Orc:1:    layout_caves, serial_shops, shop, nicolae_shop_trees,
          nicolae_shop_statue_plus, shop
Orc:2:    st_orc_pillars, layout_diamond_mine, lightli_orcish_oven

Skill      XL: |  1  2  3  4  5  6  7  8  9 10 11 12 13 14 15 16 |
---------------+-------------------------------------------------+-----
Conjurations   | 2 3 4 5 7 8 10 11 12 13 14 | 14.2
Fire Magic     | 4 5 6 7 9 10 13 14 | 14.0
Dodging        | 3 4 5 6 7 8 10 12 | 12.4
Spellcasting   | 4 5 6 10 12 | 12.9
Necromancy     | 2 3 5 6 8 |  8.8
Fighting       | 2 6 7 8 9 10 | 10.9
Air Magic      | 5 8 10 | 10.0
Armour         | 2 3 4 |  4.5
Shields        | 1 4 |  4.0
Stealth        | |  2.4

Action                   |  1- 3 |  4- 6 |  7- 9 | 10-12 | 13-15 | 16-18 || total
-------------------------+-------+-------+-------+-------+-------+-------++-------
Melee: Whip              |     2 |     2 |    13 |       |       |       ||    17
       Staff             |       |       |    11 |     7 |    15 |       ||    33
       Short sword       |       |       |    14 |    31 |     9 |       ||    54
 Cast: Flame Tongue      |    32 |    49 |    54 |    80 |   213 |     8 ||   436
       Throw Flame       |    10 |    77 |    96 |   114 |   243 |       ||   540
       Sticky Flame      |       |     3 |    25 |    51 |   156 |    29 ||   264
       Fireball          |       |       |    20 |    74 |   334 |   109 ||   537
       Sublimation of Bl |       |       |     2 |    15 |    66 |     9 ||    92
       Regeneration      |       |       |     7 |    15 |    42 |     7 ||    71
       Conjure Flame     |       |       |     1 |     6 |    10 |       ||    17
       Animate Skeleton  |       |       |     1 |       |       |       ||     1
       Animate Dead      |       |       |       |    13 |    56 |    24 ||    93
       Summon Lightning  |       |       |       |       |    28 |     8 ||    36
       Agony             |       |       |       |       |     6 |       ||     6
Invok: Receive Corpses   |       |       |       |     5 |    10 |    13 ||    28
       Receive Necronomi |       |       |       |       |     1 |       ||     1
Evoke: Wand              |       |       |     2 |     2 |     2 |     1 ||     7
  Use: Scroll            |       |       |     2 |    25 |    30 |     8 ||    65
       Potion            |       |       |     1 |     4 |     5 |     2 ||    12
  Eat: Chunk             |     1 |    12 |    15 |    29 |    57 |     8 ||   122
       Ration            |       |       |     3 |     5 |    16 |     4 ||    28
Armor: Robe              |     3 |     8 |    21 |    18 |    42 |       ||    92
       Leather armour    |       |       |       |       |    45 |    54 ||    99
Dodge: Dodged            |    23 |    18 |    96 |   116 |   333 |    71 ||   657
       Deflected         |       |       |       |       |     5 |     9 ||    14
Block: Other             |       |       |       |       |    26 |       ||    26
       Reflection        |       |       |       |       |     3 |     2 ||     5
       Buckler           |       |       |       |       |    78 |    51 ||   129
